[Event "*** Titled Tuesday Blitz"]
[Site "Chess.com"]
[Date "2020.11.10"]
[Round "6"]
[White "Crazy_girl99"]
[Black "BikingBrian"]
[Result "0-1"]
[WhiteElo "2489"]
[BlackElo "2285"]
[TimeControl "180+1"]
[EndTime "11:10:17 PST"]
[Termination "BikingBrian won by resignation"]

1. Nf3 g6 2. g3 Bg7 3. Bg2 c5 4. O-O Nc6 5. c3 e5 6. e4 Nge7 7. Na3 O-O 8. Nc4 d6 9. h3 f5 10. d3 Kh8 11. a4 Be6 12. exf5 Nxf5 13. Ne3 Nfe7 14. Bd2 d5 15. Qc1 Qd7 16. Ng5 Bg8 17. a5 Rae8 18. b4 cxb4 19. cxb4 e4 20. dxe4 dxe4 21.
Nxe4 Nd4 22. Bc3 Ne2+ 23. Kh2 Nxc1 24. Raxc1 Bxc3 25. Rxc3 Nf5 26. Rd1 Qg7 27. Rcd3 Nxe3 28.
fxe3 Be6 29. Nd6 Re7 30. e4 Qe5 31. R3d2 h5 32. h4 Kh7 33. Rc1 Rd7 34. Rc5 Qg7 35. e5 Rfd8 36. Rf2 Rxd6 37. exd6 Rxd6 38. Rfc2 b6 39.
axb6 axb6 40. Rc7 Rd7 41. R7c6 Bd5 42. Bxd5 Rxd5 43. Rxb6 Qd7 44. Rf6 Rd2+ 45. Rf2 Rxf2+ 46. Rxf2 Qb5 47. Rb2 Kg7 48. Kg2 Kf6 49. Kh2 Ke5 50. Kg2 Kd4 51. Kh2 Kc3 52. Rg2 Qxb4 53. g4 Qf4+ 54.
Rg3+ Kd4 55. gxh5 Qxh4+ 56. Rh3 Qf2+ 57. Kh1 g5 58. h6 g4 59. Rh5 g3 60. Rh4+ Ke3 0-1

[Event "*** Titled Tuesday Blitz"]
[Site "Chess.com"]
[Date "2020.11.10"]
[Round "6"]
[White "mamonika"]
[Black "FMalexhdez"]
[Result "1-0"]
[WhiteElo "2041"]
[BlackElo "2269"]
[TimeControl "180+1"]
[EndTime "11:10:18 PST"]
[Termination "mamonika won on time"]

1. c4 c5 2. Nc3 Nc6 3. g3 Nf6 4. Bg2 g6 5. f4 Bg7 6. Nf3 d5 7. cxd5 Nxd5 8. O-O Nc7 9. d3 O-O 10.
Be3 Ne6 11. Nd2 Ned4 12. Nb3 Nxb3 13. Qxb3 Nd4 14. Bxd4 Qxd4+ 15. Kh1 Be6 16. Qc2 Rab8 17. Rae1 c4 18. dxc4 Qxc4 19. e4 Bxc3 20. Qxc3 Qxc3 21.
bxc3 Rfc8 22. Re3 Rc5 23. Rb1 b6 24. f5 Bc4 25. a4 Rd8 26. h4 Rd3 27. Rbe1 Rxe3 28.
Rxe3 Bb3 29. e5 gxf5 30. h5 Bxa4 31. h6 Bc2 32. Re2 Rxc3 33. Rd2 Rc8 34. Bb7 Rb8 35.
Rxc2 f6 36. Bd5+ Kf8 37. exf6 exf6 38. Rc7 Rd8 39. Be6 Rd6 40. Bxf5 Rd5 41. g4 Rd1+ 42.
Kg2 Rd2+ 43. Kf3 a5 44. Rxh7 a4 45. Ra7 a3 46. h7 Rh2 47. Kg3 Rh1 48. Rxa3 Kg7 49.
Rb3 1-0

[Event "*** Titled Tuesday Blitz"]
[Site "Chess.com"]
[Date "2020.11.10"]
[Round "6"]
[White "ecwinslow"]
[Black "freshfoodcompany"]
[Result "1-0"]
[WhiteElo "2231"]
[BlackElo "2383"]
[TimeControl "180+1"]
[EndTime "11:10:19 PST"]
[Termination "ecwinslow won by checkmate"]

1. e4 c6 2. d4 d5 3. exd5 cxd5 4.
c4 Nf6 5. Nc3 Nc6 6. Bg5 h6 7. Be3 dxc4 8. Bxc4 e6 9. Nf3 Bb4 10.
O-O O-O 11. Rc1 b6 12. a3 Bxc3 13.
bxc3 Bb7 14. Re1 Rc8 15. Ba2 Nd5 16. Qd3 Nce7 17. Bb1 Ng6 18. Bd2 Qf6 19. Ne5 Ndf4 20. Bxf4 Qxf4 21. g3 Qg5 22. f4 Qh5 23. Nxg6 fxg6 24.
Qxg6 Qxg6 25. Bxg6 Bd5 26. Bd3 Rc7 27. Ba6 Rf6 28. c4 Ba8 29. Kf2 Kf7 30. Ke3 g5 31. fxg5 hxg5 32. Rf1 Rxf1 33. Rxf1+ Kg7 34. h4 Bc6 35.
hxg5 Re7 36. Rf6 Be8 37. Kf4 Bf7 38. Ke5 Re8 39. Bb5 Rh8 40. Bd7 Rh5 41. Bxe6 Rxg5+ 42. Rf5 Rxf5+ 43. Kxf5 Bg6+ 44. Ke5 Kf8 45. c5 bxc5 46. dxc5 Ke8 47. c6 Kd8 48. Kd6 Be4 49. c7+ Ke8 50.
c8=Q# 1-0

[Event "*** Titled Tuesday Blitz"]
[Site "Chess.com"]
[Date "2020.11.10"]
[Round "6"]
[White "Promacherr"]
[Black "Guenplen"]
[Result "1-0"]
[WhiteElo "2727"]
[BlackElo "2876"]
[TimeControl "180+1"]
[EndTime "11:10:20 PST"]
[Termination "Promacherr won on time"]

1. d4 d5 2. Bf4 c5 3. e3 cxd4 4. exd4 Nc6 5. c3 Bf5 6. Nd2 e6 7. Qb3 Qd7 8. Ngf3 f6 9. Be2 g5 10.
Bg3 h5 11. h3 Nge7 12. Nf1 Be4 13. Ne3 Nf5 14. Nd2 Nxe3 15. Nxe4 Nxg2+ 16. Kf1 dxe4 17. Kxg2 h4 18. Bh2 Rh7 19. Rad1 Rd8 20. Rhe1 f5 21. Kh1 Na5 22. Qc2 Bd6 23. Bg1 Bf4 24. c4 Nc6 25. d5 Ne5 26. a4 a6 27. b4 Re7 28.
Bh5+ Kf8 29. dxe6 Qc7 30. Rxd8+ Qxd8 31. Rd1 Qc7 32. Rd5 Rxe6 33. Qd1 Ke7 34. c5 Qc6 35. b5 axb5 36. axb5 Qxb5 37. Rd8 Qc6 38. Rh8 e3+ 39.
f3 Rf6 40. Qd8+ Ke6 41. Re8+ Qxe8 42. Qxe8+ Kd5 43. Qd8+ Kc4 44. Qxf6 e2 45. Bf2 Nd3 46. Qe6+ 1-0

[Event "*** Titled Tuesday Blitz"]
[Site "Chess.com"]
[Date "2020.11.10"]
[Round "6"]
[White "Fins0905"]
[Black "AlexeiShirov"]
[Result "0-1"]
[WhiteElo "2632"]
[BlackElo "2799"]
[TimeControl "180+1"]
[EndTime "11:10:20 PST"]
[Termination "AlexeiShirov won by resignation"]

1. Nf3 d5 2. d4 Nf6 3. c4 c6 4. Nc3 e6 5. cxd5 exd5 6. Qc2 Na6 7.
Bg5 Nb4 8. Qd2 Bf5 9. Rc1 Be7 10. a3 Na6 11. e3 Nc7 12. Bd3 Bxd3 13. Qxd3 Ne6 14.
Bxf6 Bxf6 15. O-O O-O 16. b4 Qe7 17. Na4 Nc7 18. Nd2 Nb5 19. Nc3 Nxa3 20. Nxd5 cxd5 21.
Qxa3 a5 22. Rc5 b6 23. Rxd5 axb4 24. Qb2 Qb7 25. Rf5 Be7 26. g3 Ra3 27. Nc4 Rc3 28. Ne5 g6 29. Rf4 Qc7 30. h4 f6 31. Nf3 Bd6 32. Rg4 f5 33. Rg5 Be7 34. Rb1 Rc8 35.
Kg2 b3 36. h5 Bxg5 37. Nxg5 Qc6+ 38. Nf3 g5 39. d5 Qxd5 40. Qd2 Rd3 41. Qb4 g4 42. Qe7 Qxf3+ 43. Kg1 Rd1+ 44. Rxd1 Qxd1+ 45. Kh2 Qd5 46. h6 Qf7 47. Qg5+ Qg6 48. Qf4 b2 49. Qb4 Qxh6+ 50. Kg2 Qh3+ 51. Kg1 Rc1+ 0-1

[Event "*** Titled Tuesday Blitz"]
[Site "Chess.com"]
[Date "2020.11.10"]
[Round "6"]
[White "MokshanovAlexey"]
[Black "RobPeresian"]
[Result "1-0"]
[WhiteElo "2618"]
[BlackElo "2461"]
[TimeControl "180+1"]
[EndTime "11:10:20 PST"]
[Termination "MokshanovAlexey won by checkmate"]

1. e4 e5 2. Nf3 Nc6 3. d4 exd4 4.
Nxd4 Nf6 5. Nxc6 bxc6 6. e5 Qe7 7. Qe2 Nd5 8. c4 Nb6 9. g3 g6 10. b3 Bg7 11. Bb2 a5 12. Bg2 a4 13. O-O O-O 14. f4 axb3 15. axb3 Rxa1 16. Bxa1 d5 17. Nd2 Ba6 18.
Kh1 f6 19. e6 Re8 20. f5 gxf5 21. Re1 Bc8 22. Nf3 Qxe6 23. Qd1 Qf7 24. Nd4 Rxe1+ 25. Qxe1 Bd7 26. c5 Nc8 27. Bh3 Ne7 28. Qe2 Bh6 29. Bc3 Bg5 30. Bg2 f4 31. h4 Bh6 32. g4 Kf8 33. Bf3 Qg6 34. Kh2 Qb1 35. b4 f5 36.
g5 Bg7 37. Ne6+ Bxe6 38. Bxg7+ Kxg7 39. Qxe6 Ng6 40. Qf6+ Kg8 41. Qd8+ Nf8 42. Qxc7 Qxb4 43. Qxc6 Qd2+ 44. Kh3 Qf2 45. Qxd5+ Kg7 46. Qe5+ Kg6 47. Qf6# 1-0

[Event "*** Titled Tuesday Blitz"]
[Site "Chess.com"]
[Date "2020.11.10"]
[Round "6"]
[White "Goryachkina"]
[Black "Tactictic"]
[Result "1-0"]
[WhiteElo "2585"]
[BlackElo "2425"]
[TimeControl "180+1"]
[EndTime "11:10:21 PST"]
[Termination "Goryachkina won by resignation"]

1. e4 c5 2. Nf3 d6 3. c3 Nf6 4.
Be2 Bg4 5. h3 Bh5 6. Qb3 Qc7 7.
O-O Nc6 8. d3 e6 9. Bg5 Be7 10.
Nbd2 h6 11. Be3 d5 12. exd5 exd5 13. Rfe1 O-O 14. d4 b6 15. Nf1 Bd6 16. Nh4 Rfe8 17.
Bxh5 Nxh5 18. Qxd5 cxd4 19. Qxh5 dxe3 20. Nxe3 Bc5 21.
Nhf5 g6 22. Nxh6+ Kh7 23. Qh4 Be7 24. Qc4 Kxh6 25. Qxf7 Bd6 26. Ng4+ Kg5 27. Rxe8 Qxf7 28. Rxa8 Nb8 29. Rd1 Qb7 30. Rxd6 Qxa8 31. g3 Qe4 32. f4+ Kh5 33. Nf6+ Kh6 34. Nxe4 Kh7 35. Ng5+ Kg7 36.
Rd8 Nc6 37. Rd7+ Kf8 38. Rc7 Ne7 39. Rxa7 Nf5 40. Kf2 Ke8 41. b4 Kd8 42. a4 Nd6 43.
a5 Nb5 44. Rg7 bxa5 45. bxa5 Nxc3 46. a6 Kc8 47. a7 Ne4+ 48. Nxe4 1-0

[Event "*** Titled Tuesday Blitz"]
[Site "Chess.com"]
[Date "2020.11.10"]
[Round "6"]
[White "Keures"]
[Black "Gerodot71"]
[Result "0-1"]
[WhiteElo "2337"]
[BlackElo "2481"]
[TimeControl "180+1"]
[EndTime "11:10:21 PST"]
[Termination "Gerodot71 won by resignation"]

1. d4 Nf6 2. c4 e6 3. Nc3 Bb4 4.
Qc2 c5 5. a3 Bxc3+ 6. Qxc3 cxd4 7. Qxd4 Nc6 8. Qc3 O-O 9. Nf3 d5 10. Bg5 d4 11. Qc2 h6 12. Bh4 e5 13. e3 Re8 14. Rd1 g5 15. Bg3 Qb6 16. Be2 Bg4 17. c5 Qa5+ 18. b4 Qxa3 19. O-O Bxf3 20. gxf3 dxe3 21. Qf5 Kg7 22. b5 Nd4 23. Rxd4 exd4 24. Be5 Rxe5 25. Qxe5 exf2+ 26. Rxf2 Qe3 27. Qc7 d3 28.
Bf1 d2 29. Qd6 Rc8 30. Qxd2 Qxd2 31. Rxd2 Rxc5 32. Kf2 g4 33. Ra2 Rf5 34. Rxa7 Rxf3+ 35. Kg2 Ne4 36. Bc4 Nd6 37. Bd5 Rf4 38. Bxb7 Nxb5 39. Ra5 Nd6 40. Bd5 h5 41. Ra6 Rf6 42. Kg3 Nf5+ 0-1

[Event "*** Titled Tuesday Blitz"]
[Site "Chess.com"]
[Date "2020.11.10"]
[Round "6"]
[White "VladimirBugayev"]
[Black "FMKonstantin_Twitch"]
[Result "0-1"]
[WhiteElo "2260"]
[BlackElo "2556"]
[TimeControl "180+1"]
[EndTime "11:10:23 PST"]
[Termination "FMKonstantin_Twitch won on time"]

1. e4 d5 2. exd5 Qxd5 3. Nf3 Qe6+ 4. Be2 Qg6 5. O-O Bh3 6. Nh4 Qg5 7. d4 Qxh4 8. gxh3 Nc6 9. Bb5 O-O-O 10. Bxc6 bxc6 11. c3 Qxh3 12. Bf4 g5 13. Be5 f6 14. Bg3 h6 15.
Qa4 Kd7 16. d5 Ke8 17. Qxc6+ Kf7 18. Rd1 h5 19. Qe6+ Qxe6 20. dxe6+ Ke8 21. Na3 c6 22. Bc7 Rc8 23. Rd7 Bh6 24. Rad1 Kf8 25. Bd8 g4 26. Nc4 Bf4 27. Na5 Rh7 28. Nb7 Nh6 29.
Ba5 Nf5 30. Rd8+ Rxd8 31. Rxd8+ Kg7 32. Rd7 h4 33. Bd8 Kg6 34. Bc7 Bc1 35. b4 Bb2 36. c4 Nd4 37. a4 Nxe6 38. b5 cxb5 39. cxb5 Bd4 40. a5 Nxc7 41. Rxc7 g3 42. Nd8 Bxf2+ 43.
Kg2 gxh2 44. Kxh2 Bg3+ 45. Kh3 Bxc7 46. b6 axb6 47. a6 Rh8 48. Ne6 Be5 0-1

[Event "*** Titled Tuesday Blitz"]
[Site "Chess.com"]
[Date "2020.11.10"]
[Round "6"]
[White "tandaleo"]
[Black "BegmuratovKh2010"]
[Result "0-1"]
[WhiteElo "2296"]
[BlackElo "2447"]
[TimeControl "180+1"]
[EndTime "11:10:24 PST"]
[Termination "BegmuratovKh2010 won by resignation"]

1. d4 Nf6 2. c4 g6 3. Nc3 Bg7 4. e4 O-O 5. Be3 d6 6. Be2 b6 7.
g4 Bb7 8. f3 e5 9. d5 c6 10. h4 cxd5 11. cxd5 h5 12. g5 Nfd7 13. Nh3 Na6 14. O-O Rc8 15. Nb5 Ndc5 16. Nxa7 Rc7 17. Nb5 Re7 18. a3 Nc7 19. b4 Nxb5 20. Bxb5 Nd7 21.
a4 f5 22. a5 bxa5 23. bxa5 Ref7 24. a6 Ba8 25. Qe2 Nc5 26. Bxc5 dxc5 27. Bc6 Bxc6 28.
dxc6 Qc8 29. Qb5 fxe4 30. Nf2 Rxf3 31. a7 e3 32. a8=Q exf2+ 33. Rxf2 Qg4+ 34. Rg2 Qd4+ 35. Kh1 Rxa8 36. Rxa8+ Kh7 37. Qe2 Qxh4+ 38. Rh2 Qf4 39. Ra1 e4 40. Rg1 Be5 41. c7 Bxc7 42. Rh3 Rxh3+ 0-1

[Event "*** Titled Tuesday Blitz"]
[Site "Chess.com"]
[Date "2020.11.10"]
[Round "6"]
[White "zverr1"]
[Black "DonPreuss"]
[Result "1-0"]
[WhiteElo "2412"]
[BlackElo "2237"]
[TimeControl "180+1"]
[EndTime "11:10:24 PST"]
[Termination "zverr1 won by resignation"]

1. e4 e5 2. d4 Nc6 3. dxe5 Nxe5 4. f4 Nc6 5. Nf3 Bc5 6. Bc4 d6 7. Qe2 Be6 8. Bxe6 fxe6 9. Be3 Bb6 10. Ng5 Qf6 11. c3 h6 12. Nf3 Nge7 13. Nbd2 O-O 14. Nc4 Bxe3 15. Nxe3 Qxf4 16. Nc2 Ng6 17. O-O Nce5 18.
Nfd4 Qg4 19. Qxg4 Nxg4 20. Nxe6 Rxf1+ 21. Rxf1 Rc8 22. Ncd4 a6 23. Nf5 Nf6 24. Nxh6+ Kh7 25. Nf5 Nxe4 26. Nfxg7 Ne5 27. Rf4 Rg8 28. Rxe4 Rxg7 29.
Rh4+ Kg6 30. Nxg7 Kxg7 31. Re4 Kf6 32. Kf1 Kf5 33. Rxe5+ Kxe5 34. Ke2 Ke4 35. h4 d5 36. h5 Kf5 37. g4+ Kg5 38. Ke3 c5 39. Kd3 b6 40.
b4 Kh6 41. a4 a5 42. bxc5 bxc5 43. Ke3 Kg5 44. Kf3 Kf6 45. Kf4 Ke6 46. h6 Kf6 47. g5+ 1-0

[Event "*** Titled Tuesday Blitz"]
[Site "Chess.com"]
[Date "2020.11.10"]
[Round "6"]
[White "djano"]
[Black "smartinusa"]
[Result "1-0"]
[WhiteElo "2488"]
[BlackElo "2620"]
[TimeControl "180+1"]
[EndTime "11:10:25 PST"]
[Termination "djano won on time"]

1. Nf3 c5 2. b3 d6 3. Bb2 e5 4. c4 e4 5. Ng1 Nf6 6. g3 Be7 7.
Bg2 O-O 8. Nc3 Bf5 9. h3 Nc6 10. g4 Bg6 11. h4 Nxg4 12. h5 Bf5 13. Nxe4 Bxe4 14. Bxe4 Bf6 15. Qb1 h6 16. Nf3 Re8 17. d3 Qa5+ 18. Kf1 Bxb2 19. Qxb2 Nf6 20. Bxc6 bxc6 21.
Re1 Re6 22. Qd2 Qxd2 23. Nxd2 d5 24. e3 Rd8 25. Ke2 Ng4 26. Rc1 dxc4 27. Rxc4 Ne5 28.
Rc3 Red6 29. Ne4 Rd5 30. Nxc5 f5 31. d4 Ng4 32. Nb7 Re8 33. Rd1 f4 34. Kf3 Nf6 35. exf4 Rxh5 36. Rxc6 Rh3+ 37. Kg2 Rh4 38. d5 Rxf4 39.
Rc4 Rxc4 40. bxc4 Nd7 41. c5 Nf6 42. c6 Rc8 43. Nd6 Rc7 44. Nb5 Rc8 45. Nxa7 Ra8 46. c7 1-0

[Event "*** Titled Tuesday Blitz"]
[Site "Chess.com"]
[Date "2020.11.10"]
[Round "6"]
[White "elamier"]
[Black "rududuyk"]
[Result "1-0"]
[WhiteElo "2348"]
[BlackElo "2171"]
[TimeControl "180+1"]
[EndTime "11:10:25 PST"]
[Termination "elamier won on time"]

1. e4 e6 2. d4 d5 3. e5 c5 4. c3 Nc6 5. Nf3 Bd7 6. a3 f6 7.
Bd3 fxe5 8. dxe5 g6 9. h4 Bg7 10. Qe2 Nge7 11. h5 Qc7 12. hxg6 hxg6 13. Rxh8+ Bxh8 14. Bf4 O-O-O 15. Nbd2 Rf8 16. Bg3 Nf5 17. Bh2 Bg7 18. O-O-O Rh8 19. Bf4 Na5 20. Re1 Ba4 21. g4 Ne7 22. Ng5 Qb6 23. b4 Nb3+ 24. Nxb3 Bxb3 25. Kb2 Ba4 26. Nf7 Rf8 27. Nd6+ Kb8 28.
Bg3 d4 29. Nc4 Qc7 30. cxd4 cxb4 31. axb4 Nd5 32. Qd2 Bb5 33. Rc1 Qe7 34. Nd6 Bxd3 35. Qxd3 Bh6 36. Rc5 Nb6 37. Qc2 Qg5 38. d5 Qxg4 39.
dxe6 Qxb4+ 40. Ka2 a5 41. e7 Rxf2 42. Bxf2 1-0

[Event "*** Titled Tuesday Blitz"]
[Site "Chess.com"]
[Date "2020.11.10"]
[Round "6"]
[White "Nuvas"]
[Black "Lion-Al-Messi"]
[Result "1-0"]
[WhiteElo "2357"]
[BlackElo "2549"]
[TimeControl "180+1"]
[EndTime "11:10:26 PST"]
[Termination "Nuvas won by resignation"]

1. d4 e6 2. c4 Nf6 3. Nc3 b6 4. e4 Bb4 5. Bd3 Bb7 6. f3 d5 7.
Qa4+ Nc6 8. cxd5 exd5 9. e5 Nd7 10. Ne2 a5 11. O-O O-O 12. a3 Bxc3 13. Nxc3 Ne7 14.
Qc2 f5 15. Bg5 g6 16. Nb5 Rc8 17. Rac1 Re8 18. Na7 Ra8 19. Qxc7 Rxa7 20. Qxd8 Rxd8 21.
Bxe7 Re8 22. Bd6 Ba8 23. Bb5 Kf7 24. Rc7 Rxc7 25. Bxc7 Ke6 26. Rc1 Rc8 27. Rc3 Bb7 28.
a4 h6 29. f4 g5 30. Kf2 gxf4 31. Kf3 Rg8 32. Bxd7+ Kxd7 33. Bxb6 Bc6 34. b3 Re8 35. Bxa5 Rc8 36. Bb4 Ke6 37. Bc5 Rb8 38. a5 Be8 39. b4 Bb5 40. Bb6 Kd7 41. Rc5 Ke6 42. Rxb5 Rc8 43. Rc5 Rg8 44. Rc6+ Kd7 45. Rxh6 Ke7 46.
Rd6 Rc8 47. Rxd5 Rc3+ 48. Kxf4 Rc2 49. Kxf5 Rxg2 50. Rd6 Rf2+ 51. Ke4 Re2+ 52. Kd5 Ra2 53. Bc5 Rc2 54. Rc6+ Kf7 55. e6+ Kf6 56. e7+ Kf7 57.
Rc8 Rf2 58. Rf8+ Kg6 59. Rxf2 1-0

[Event "*** Titled Tuesday Blitz"]
[Site "Chess.com"]
[Date "2020.11.10"]
[Round "6"]
[White "HrvojeZagreb"]
[Black "MasterKroket"]
[Result "0-1"]
[WhiteElo "2278"]
[BlackElo "2433"]
[TimeControl "180+1"]
[EndTime "11:10:26 PST"]
[Termination "MasterKroket won by resignation"]

1. d4 Nf6 2. Bf4 c5 3. e3 e6 4. Nd2 Nc6 5. Nc4 d5 6. Ne5 Nd7 7. Ngf3 f6 8. Nxd7 Bxd7 9. c3 Be7 10. Bd3 O-O 11. h4 Rc8 12. Bxh7+ Kxh7 13. Ng5+ fxg5 14.
hxg5+ Kg8 15. g6 Bh4 16. Qh5 Rxf4 17. exf4 Qf6 18. Rxh4 Kf8 19. dxc5 d4 20. O-O-O Ke7 21. Qg5 Qxg5 22. fxg5 dxc3 23. Rh7 Rg8 24. f4 cxb2+ 25. Kxb2 Be8 26. g4 Bxg6 27. Rh2 Rf8 28. Rhd2 Be8 29. Rf2 g6 30. Kc3 e5 31. Re1 Ke6 32. Rfe2 Rxf4 33. Rh2 Rxg4 34. Rh8 Bf7 35. Rc8 Rxg5 36. Rc7 Rg3+ 37. Kb2 Na5 38. Rf1 Be8 39. Kc1 Bc6 40.
Rf8 Nc4 41. Rcc8 Kd5 42. Rcd8+ Kxc5 43. Rf1 Kb4 44. a3+ Kxa3 45. Rh1 Kb4 46. Re1 a5 47. Rc8 a4 48. Kb1 a3 49. Rxc6 bxc6 50. Ka1 Rg2 0-1

[Event "*** Titled Tuesday Blitz"]
[Site "Chess.com"]
[Date "2020.11.10"]
[Round "6"]
[White "Sibelephant"]
[Black "bascheyaro"]
[Result "1-0"]
[WhiteElo "3083"]
[BlackElo "2749"]
[TimeControl "180+1"]
[EndTime "11:10:27 PST"]
[Termination "Sibelephant won by resignation"]

1. d4 d5 2. Nf3 Bf5 3. Nh4 Bg6 4.
Nxg6 hxg6 5. Qd3 c6 6. c4 Nf6 7.
g3 e6 8. Bg2 Nbd7 9. O-O Bd6 10. Nd2 a6 11. Rd1 Qa5 12. a3 Rd8 13. b4 Qc7 14.
Bb2 O-O 15. Rac1 Qb8 16. e4 dxe4 17. Nxe4 Nxe4 18. Qxe4 e5 19. d5 Nf6 20. Qe2 cxd5 21. Bxd5 Nxd5 22. Rxd5 Bc7 23. Rcd1 Rxd5 24. Rxd5 f6 25.
Qg4 Qe8 26. c5 Qc6 27. Rd2 f5 28. Qc4+ Kh7 29. Qd5 Rd8 30. Qxc6 bxc6 31. Rxd8 Bxd8 32. Bxe5 g5 33. f3 g4 34. Kf2 gxf3 35. a4 g5 36. Kxf3 Kg6 37. b5 axb5 38. axb5 cxb5 39. c6 b4 40. c7 Bxc7 41. Bxc7 Kf6 42. Bd8+ Kg6 43. Bb6 b3 44. Bd4 Kh5 45. Bb2 f4 46. Bc3 fxg3 47.
hxg3 Kg6 48. Kg4 Kh6 49. Kf5 Kh5 50. Bb2 1-0

[Event "*** Titled Tuesday Blitz"]
[Site "Chess.com"]
[Date "2020.11.10"]
[Round "6"]
[White "arminmusovic"]
[Black "anon481216"]
[Result "1-0"]
[WhiteElo "2563"]
[BlackElo "2401"]
[TimeControl "180+1"]
[EndTime "11:10:27 PST"]
[Termination "arminmusovic won by checkmate"]

1. a3 g6 2. Nc3 Bg7 3. e4 c5 4. Bc4 Nc6 5. Ba2 e6 6. d3 Nge7 7. Bg5 h6 8. Bh4 O-O 9. f4 d6 10. Nge2 Rb8 11. O-O b5 12. f5 exf5 13. exf5 Bxf5 14.
Rxf5 gxf5 15. Ng3 Qd7 16. Nh5 Bd4+ 17. Kh1 Kh8 18. Qd2 Ng8 19. Nd5 f6 20. c3 Be5 21.
Rf1 Qh7 22. Bb1 Qg6 23. Nhf4 Bxf4 24. Nxf4 Qg4 25. g3 Ne5 26. h3 Qg7 27. Ne6 Qb7+ 28. Qg2 Qxg2+ 29. Kxg2 Rfe8 30. Nc7 Rec8 31. Nd5 Nd7 32.
d4 cxd4 33. Bxf5 Rb7 34. Nxf6 Ngxf6 35. Bxf6+ Kg8 36. Be6+ Kh7 37. Bxd4 Rf8 38. Re1 Nc5 39. Bd5 Rc7 40. h4 Nd3 41. Be4+ Kg8 42. Bxd3 a5 43. Bxb5 Rb8 44. a4 Kf7 45. Rf1+ Kg6 46. Rf6+ Kh7 47.
Bd3+ Kg8 48. c4 Rb4 49. Bc3 Rxa4 50. Rxd6 Ra1 51. h5 a4 52. Bg6 Rc1 53. Rd8# 1-0

[Event "*** Titled Tuesday Blitz"]
[Site "Chess.com"]
[Date "2020.11.10"]
[Round "6"]
[White "vinniethepooh"]
[Black "NateSolon"]
[Result "0-1"]
[WhiteElo "2605"]
[BlackElo "2480"]
[TimeControl "180+1"]
[EndTime "11:10:28 PST"]
[Termination "NateSolon won on time"]

1. d4 Nf6 2. c4 e6 3. Nc3 Bb4 4. f3 c5 5. d5 O-O 6. e4 d6 7. Bd3 exd5 8. cxd5 Re8 9. Ne2 Nbd7 10. O-O Ne5 11. Kh1 a6 12. Bg5 h6 13. Bh4 Ng6 14. Bf2 b5 15. a4 bxa4 16. Rxa4 Ne5 17. Ng3 Nxd3 18. Qxd3 a5 19. Raa1 Ba6 20. Qd2 Bxf1 21.
Rxf1 a4 22. Qc1 a3 23. bxa3 Rxa3 24. Nce2 Qa5 25. Nf5 c4 26. Bd4 Re5 27. Neg3 c3 28.
Nxh6+ gxh6 29. Qxh6 Ne8 30. Bxe5 dxe5 31. Nf5 Bf8 32.
Qg5+ Bg7 33. Qe7 Ra1 34. Qxe8+ Kh7 35. Ng3 Rxf1+ 36. Nxf1 Qa1 37. Kg1 c2 38. Qxf7 Qd4+ 39. Kh1 c1=Q 40. Qh5+ Qh6 41. Qf5+ Qg6 42. Qh3+ Bh6 43. Qd7+ Bg7 44. Qh3+ Qh6 45. Qf5+ Kh8 46. Qc8+ Bf8 47. Qf5 Qa1 48. Kg1 Qe3+ 0-1

[Event "*** Titled Tuesday Blitz"]
[Site "Chess.com"]
[Date "2020.11.10"]
[Round "6"]
[White "GM4life"]
[Black "Skat2704"]
[Result "1-0"]
[WhiteElo "2278"]
[BlackElo "2407"]
[TimeControl "180+1"]
[EndTime "11:10:28 PST"]
[Termination "GM4life won on time"]

1. e4 c6 2. d4 d5 3. e5 Bf5 4. h4 h5 5. c4 e6 6. Nc3 Ne7 7. Bg5 Nd7 8. Nge2 Qb6 9. Ng3 Bg6 10. Rc1 f6 11. exf6 gxf6 12. Be3 O-O-O 13. Be2 Nf5 14. Nxf5 Bxf5 15. cxd5 exd5 16. Nxd5 Qa5+ 17. Nc3 Ne5 18. Qb3 Ng4 19. Bxg4 hxg4 20. d5 Rxd5 21. O-O Rd7 22. g3 Bc5 23. Bxc5 Qxc5 24. Ne4 Qe5 25. Nc5 Rdh7 26.
Rfe1 Qc7 27. Ne6 Bxe6 28. Qxe6+ Kb8 29. Qxf6 Ka8 30. Re4 Rg8 31. Rce1 Rhh8 32. Qf5 a6 33. Rxg4 Rf8 34. Qe5 Qb6 35. Rf4 Rd8 36. Qe3 Qb5 37.
Qe2 Qd5 38. b3 Qd7 39. Qe5 Rhe8 40. Qc3 Rg8 41. Rfe4 Qd5 42. Re7 Qf5 43. Qb4 Rb8 44.
Qb6 Rgf8 45. Rd7 Qc2 46. Ree7 Qc1+ 47. Kh2 Qf1 48. Rd2 1-0

[Event "*** Titled Tuesday Blitz"]
[Site "Chess.com"]
[Date "2020.11.10"]
[Round "6"]
[White "fabianvivasz"]
[Black "B-man"]
[Result "1-0"]
[WhiteElo "2390"]
[BlackElo "2557"]
[TimeControl "180+1"]
[EndTime "11:10:29 PST"]
[Termination "fabianvivasz won by checkmate"]

1. e4 d5 2. exd5 Qxd5 3. Nc3 Qd6 4. d4 Nf6 5. Nf3 c6 6. Ne5 Bf5 7. Bf4 Qd8 8. Bc4 e6 9. g4 Bg6 10. h4 Be4 11. Rh3 Bd5 12. Nxd5 Nxd5 13. Qf3 Qa5+ 14. c3 f6 15. Nd3 Nd7 16. Qe4 O-O-O 17. Bd2 e5 18. dxe5 Nxe5 19. Nxe5 fxe5 20. O-O-O Bd6 21.
Rd3 Bc7 22. Bg5 Rd7 23. Bxd5 cxd5 24. Rxd5 Rxd5 25. Qxd5 Qxd5 26. Rxd5 Rf8 27. Be3 Kb8 28. Kc2 h6 29. Kd3 a6 30. Ke4 Kc8 31. c4 Rf7 32. b4 Rf8 33. a4 Rf7 34. b5 g5 35.
b6 Bd8 36. hxg5 hxg5 37. Rxe5 Rf6 38. c5 Rf8 39. Bxg5 Bxg5 40. Rxg5 Rxf2 41. Kd5 Rd2+ 42. Ke6 Re2+ 43. Kd6 Rd2+ 44. Rd5 Rg2 45. g5 Rg4 46.
Ke6 Rxa4 47. g6 Re4+ 48. Kf7 Rf4+ 49. Ke7 Rg4 50. Rd8# 1-0

[Event "*** Titled Tuesday Blitz"]
[Site "Chess.com"]
[Date "2020.11.10"]
[Round "6"]
[White "martynkovaelena"]
[Black "TheKingDoctor"]
[Result "1/2-1/2"]
[WhiteElo "2253"]
[BlackElo "2134"]
[TimeControl "180+1"]
[EndTime "11:10:29 PST"]
[Termination "Game drawn - insufficient material"]

1. d4 Nf6 2. c4 g6 3. Nf3 Bg7 4. g3 O-O 5. Bg2 d6 6. O-O c6 7. Nc3 Bf5 8. Re1 Ne4 9. Nxe4 Bxe4 10. Bh3 Bxf3 11. exf3 e6 12. d5 exd5 13. cxd5 c5 14. Qb3 b6 15. Bf4 g5 16. Bd2 h6 17. Bc3 Nd7 18. Bxg7 Kxg7 19. Re2 Nf6 20. Rae1 Re8 21. Rxe8 Nxe8 22. Qe3 Nf6 23. f4 Nxd5 24. Qd2 Nb4 25. fxg5 Qxg5 26. Qxd6 Rd8 27. Qe7 Qxe7 28. Rxe7 Nxa2 29.
Rxa7 Nb4 30. Be6 Rf8 31. Bc4 Nc6 32. Rc7 Na5 33. Bd5 Kf6 34. f4 h5 35. Kf2 h4 36.
g4 Kg6 37. f5+ Kf6 38. Kf3 Ke5 39. Rxf7 Rxf7 40. Bxf7 b5 41. Be6 Nc6 42. Bd7 Nd4+ 43. Ke3 b4 44. Kd3 Nf3 45. h3 Ng5 46. Kc4 Nxh3 47.
Kxc5 Nf2 48. Kxb4 Nxg4 49. Ka5 Nf6 50. Bc6 Kxf5 51. b4 Ke5 52. b5 Kd6 53. Bg2 Kc7 54.
Ka6 Kb8 55. b6 Nd7 56. b7 Nc5+ 57. Kb6 Nxb7 58. Bxb7 h3 59. Bh1 h2 60. Bg2 h1=Q 61. Bxh1 1/2-1/2

[Event "*** Titled Tuesday Blitz"]
[Site "Chess.com"]
[Date "2020.11.10"]
[Round "6"]
[White "giantslayer83"]
[Black "GalperinPlaton"]
[Result "0-1"]
[WhiteElo "2707"]
[BlackElo "2890"]
[TimeControl "180+1"]
[EndTime "11:10:31 PST"]
[Termination "GalperinPlaton won by checkmate"]

1. d4 Nf6 2. c4 e6 3. Nf3 Nc6 4. a3 g6 5. Nc3 Bg7 6. e4 d6 7.
Be2 O-O 8. O-O Re8 9. Be3 e5 10. d5 Nd4 11. Nxd4 exd4 12. Bxd4 Nxe4 13. Bxg7 Kxg7 14. Qd4+ Qf6 15. Qxf6+ Kxf6 16. Nb5 Re7 17. Bd3 a6 18. Nd4 Bd7 19. f3 Nc5 20. Bc2 Rae8 21.
Kf2 Ba4 22. b3 Bd7 23. b4 Na4 24. Rfc1 Nb2 25. Bb1 Re3 26. Ra2 Nd3+ 27. Bxd3 Rxd3 28. Ne2 g5 29. Ng3 Bf5 30. a4 Bg6 31. a5 h5 32. Rb2 h4 33. Nf1 h3 34. g4 Ra3 35.
c5 Re5 36. Rd2 Ke7 37. c6 bxc6 38. Rxc6 Kd7 39. Rxa6 f5 40. Ra8 fxg4 41. fxg4 Re4 42. Rg8 Rf4+ 43. Ke2 Be4 44. Rg7+ Kc8 45. Ng3 Bf3+ 46.
Ke1 Ra1+ 47. Kf2 Bxd5+ 48. Ke3 Bc4 49. Rc2 Ra3+ 50. Kd2 Rf2+ 51. Kc1 Ra1+ 52. Kb2 Ra2+ 53. Kb1 Raxc2 54. Rxg5 Ba2+ 55. Ka1 Rc1# 0-1